[Event "Early-Titled-Tuesday-Blitz-June-18-2024"]
[Site "Chess.com"]
[Date "2024.06.18"]
[Round "5"]
[White "WilliamAlfaroCaracas"]
[Black "FerAsensio2024"]
[Result "0-1"]
[WhiteElo "2336"]
[BlackElo "2529"]
[TimeControl "180+1"]
[EndTime "8:57:17 PDT"]
[Termination "FerAsensio2024 won on time"]

1. b3 Nf6 2. Bb2 d5 3. Nf3 Bf5 4. e3 h6 5. c4 e6 6. Nc3 Nc6 7. d3 d4 8. exd4 Nxd4 9. Nxd4 Qxd4 10. Be2 Bb4 11. Qd2 O-O-O 12. Rd1 Kb8 13. a3 Bc5 14.
O-O Qh4 15. Nb5 Ne4 16. Qe1 Nd6 17. g3 Qh3 18. b4 Nxb5 19. bxc5 Nd4 0-1

[Event "Early-Titled-Tuesday-Blitz-June-18-2024"]
[Site "Chess.com"]
[Date "2024.06.18"]
[Round "5"]
[White "whiteglovethief"]
[Black "Fandorine"]
[Result "1/2-1/2"]
[WhiteElo "2549"]
[BlackElo "2934"]
[TimeControl "180+1"]
[EndTime "8:57:19 PDT"]
[Termination "Game drawn by repetition"]

1. d4 Nf6 2. c4 g6 3. Nc3 Bg7 4.
e4 d6 5. Nf3 O-O 6. h3 e5 7. d5 Nh5 8. g3 Na6 9. Be2 f5 10. exf5 gxf5 11. Ng5 Nf6 12. Qc2 Qe7 13. g4 e4 14. a3 Nc5 15. Be3 Nd3+ 16. Kf1 fxg4 17. Bxd3 exd3 18. Qxd3 h6 19. Ne6 Bxe6 20. dxe6 Qxe6 21. Nd5 Nxd5 22. cxd5 Qf5 23. Qxf5 Rxf5 24. hxg4 Rxd5 25. Bxh6 Bxh6 26. Rxh6 Rd2 27. Re1 Rxb2 28.
Re7 Rf8 29. Rg6+ Kh8 30. Rh6+ Kg8 31. Rg6+ Kh8 32. Rh6+ Kg8 1/2-1/2

[Event "Early-Titled-Tuesday-Blitz-June-18-2024"]
[Site "Chess.com"]
[Date "2024.06.18"]
[Round "5"]
[White "ChristopherYoo"]
[Black "Sek_Konstantin"]
[Result "1-0"]
[WhiteElo "3023"]
[BlackElo "2723"]
[TimeControl "180+1"]
[EndTime "8:57:20 PDT"]
[Termination "ChristopherYoo won by resignation"]

1. e4 e5 2. Nf3 Nc6 3. Bb5 a6 4. Ba4 d6 5. c3 f5 6. exf5 Bxf5 7.
O-O Bd3 8. Re1 Be7 9. Qb3 b5 10. Qd5 bxa4 11. Qxd3 Nf6 12. Qc2 O-O 13. d3 Qd7 14.
Nbd2 Kh8 15. Nf1 a3 16. bxa3 Nd5 17. Ng3 Nf4 18. Bxf4 Rxf4 19. Re4 Raf8 20. Rxf4 Rxf4 21. Qe2 h6 22. Rb1 Ra4 23. d4 exd4 24. cxd4 Rxa3 25.
d5 Nd8 26. Nh5 Ra5 27. Rb8 Rxd5 28. Nf4 Qc6 29. Nxd5 1-0

[Event "Early-Titled-Tuesday-Blitz-June-18-2024"]
[Site "Chess.com"]
[Date "2024.06.18"]
[Round "5"]
[White "Mikhail_Golubev"]
[Black "Yaacovn"]
[Result "1-0"]
[WhiteElo "2664"]
[BlackElo "2842"]
[TimeControl "180+1"]
[EndTime "8:57:20 PDT"]
[Termination "Mikhail_Golubev won by resignation"]

1. e4 c6 2. d4 d5 3. e5 Bf5 4. h4 Qb6 5. g4 Bd7 6. h5 c5 7. dxc5 Qb4+ 8. Nc3 d4 9. a3 Qxc5 10. Ne4 Qxe5 11. Bg2 Nf6 12. f4 Qe6 13. Qe2 Bc6 14.
Nxf6+ exf6 15. Rh2 Bc5 16. b4 Bb6 17. b5 Bxg2 18.
Rxg2 O-O 19. Qxe6 fxe6 20. Nf3 Nd7 21. Re2 Rfe8 22. a4 Ba5+ 23. Bd2 Bxd2+ 24. Kxd2 e5 25. Rae1 Rad8 26. fxe5 fxe5 27. Nxe5 Nc5 28. Nd3 Rxe2+ 29. Rxe2 Nxa4 30. Re7 Rb8 31. g5 Nc3 32. h6 gxh6 33.
gxh6 Nd5 34. Rg7+ Kh8 35. Ne5 Rf8 36. Nf7+ Rxf7 37. Rxf7 Kg8 38. Rg7+ Kf8 39. Rxb7 Nc3 40. Rxa7 Nxb5 41. Rxh7 Kg8 42. Rd7 Kh8 43. h7 Na3 44. Rxd4 Kxh7 45. Rb4 Kg6 46. Kc1 1-0

[Event "Early-Titled-Tuesday-Blitz-June-18-2024"]
[Site "Chess.com"]
[Date "2024.06.18"]
[Round "5"]
[White "Hudijegszid"]
[Black "DmitryMaximov"]
[Result "0-1"]
[WhiteElo "2522"]
[BlackElo "2782"]
[TimeControl "180+1"]
[EndTime "8:57:20 PDT"]
[Termination "DmitryMaximov won by resignation"]

1. c4 Nf6 2. g3 g6 3. b3 Bg7 4. Bb2 O-O 5. Bg2 d6 6. d4 Nfd7 7. e3 e5 8. Ne2 f5 9. O-O Nc6 10.
Nbc3 Kh8 11. a3 a5 12. Qc2 exd4 13. exd4 Nxd4 14. Nxd4 Bxd4 15. Nd5 Be5 16. Rfe1 c6 17. f4 Bxb2 18. Qxb2+ Nf6 19. Nxf6 Qxf6 20. Qxf6+ Rxf6 21. Re8+ Kg7 22. Rae1 Rf7 23. Kf2 Rc7 24. Rd8 d5 25.
Ree8 a4 26. b4 dxc4 27. Bf1 b5 28. Ke3 c5 29. bxc5 Rxc5 30. Kd4 Rc7 31. Kc3 Rb8 32. Be2 b4+ 33. axb4 a3 34. Bxc4 a2 35. Re1 Rxc4+ 36. Kxc4 Ba6+ 37. b5 Bxb5+ 38. Kc5 Rxd8 39. Kxb5 Rb8+ 40.
Kc4 Rb1 41. Re7+ 0-1

[Event "Early-Titled-Tuesday-Blitz-June-18-2024"]
[Site "Chess.com"]
[Date "2024.06.18"]
[Round "5"]
[White "Ordekalog"]
[Black "atbenina64"]
[Result "0-1"]
[WhiteElo "2631"]
[BlackElo "2834"]
[TimeControl "180+1"]
[EndTime "8:57:21 PDT"]
[Termination "atbenina64 won by resignation"]

1. e4 c5 2. d3 Nc6 3. g3 g6 4.
Bg2 Bg7 5. f4 d6 6. Nf3 e6 7.
O-O Nge7 8. c3 b5 9. d4 cxd4 10. cxd4 Qb6 11. Be3 e5 12. Nc3 exd4 13. Bf2 Bg4 14.
Nd5 Nxd5 15. exd5 Bxf3 16. Qxf3 Ne7 17. Rfe1 Qb7 18. f5 gxf5 19. Qf4 Qd7 20. Bxd4 Bxd4+ 21. Qxd4 O-O 22. Qf6 Ng6 23. Bh3 Rae8 24. Bxf5 Qc7 25. h4 Qc5+ 26. Kh2 Qf2+ 27. Kh3 Rxe1 28. Rxe1 Qxe1 29.
h5 Qh1+ 30. Kg4 Ne5+ 31. Kg5 Qc1+ 32. Kh4 h6 33. Qxd6 Qg5+ 0-1

[Event "Early-Titled-Tuesday-Blitz-June-18-2024"]
[Site "Chess.com"]
[Date "2024.06.18"]
[Round "5"]
[White "Timurist"]
[Black "Navyblue1"]
[Result "1-0"]
[WhiteElo "2388"]
[BlackElo "2170"]
[TimeControl "180+1"]
[EndTime "8:57:22 PDT"]
[Termination "Timurist won on time"]

1. e4 c5 2. Nc3 d6 3. f4 g6 4. Nf3 Bg7 5. Bb5+ Bd7 6. Bc4 a6 7.
a4 Nc6 8. d3 e6 9. O-O Nge7 10.
f5 exf5 11. exf5 Bxf5 12. Bg5 f6 13. Bf4 d5 14. Ba2 Be6 15. Qe1 Bf7 16. Qg3 O-O 17.
Rae1 Nf5 18. Qf2 b6 19. Ne2 d4 20. Bxf7+ Rxf7 21. Ng3 Nxg3 22. Qxg3 Qd7 23. Nd2 Ne7 24. Nc4 Nf5 25. Qf2 Qc6 26. g4 Nh6 27. h3 Rd8 28.
Qg2 Qxg2+ 29. Kxg2 Kh8 30. Nxb6 Ng8 31. Re6 Rb7 32.
Rfe1 Bf8 33. Nc4 Kg7 34. Rxa6 Be7 35. Rb6 Ra7 36. a5 Kf7 37. a6 Rdd7 38. Bg3 g5 39.
Rf1 h6 40. Ne5+ 1-0

[Event "Early-Titled-Tuesday-Blitz-June-18-2024"]
[Site "Chess.com"]
[Date "2024.06.18"]
[Round "5"]
[White "Squirlolz"]
[Black "ValentinDragnev"]
[Result "0-1"]
[WhiteElo "2502"]
[BlackElo "2694"]
[TimeControl "180+1"]
[EndTime "8:57:23 PDT"]
[Termination "ValentinDragnev won on time"]

1. Nf3 d5 2. g3 Nf6 3. Bg2 b6 4. O-O Bb7 5. a4 e6 6. a5 bxa5 7. d4 c5 8. Nbd2 Nc6 9. c3 cxd4 10. Nxd4 Nxd4 11. cxd4 Bb4 12. Nb3 O-O 13. Bd2 Qb6 14.
Nxa5 Rfc8 15. Nxb7 Qxb7 16. Bg5 Ne4 17. Bf4 Bf8 18.
Ra2 Rc4 19. e3 Rb4 20. Qa1 Nd2 21. Rd1 Nc4 22. Rc1 Rxb2 23. Ra6 Qb4 24. Rxa7 Rxa7 25. Qxa7 Rxf2 26. Rxc4 Qe1+ 0-1

[Event "Early-Titled-Tuesday-Blitz-June-18-2024"]
[Site "Chess.com"]
[Date "2024.06.18"]
[Round "5"]
[White "HamedWafa4"]
[Black "Savagelittlemole"]
[Result "1-0"]
[WhiteElo "2676"]
[BlackElo "2496"]
[TimeControl "180+1"]
[EndTime "8:57:23 PDT"]
[Termination "HamedWafa4 won on time"]

1. Nf3 Nf6 2. g3 g6 3. Bg2 Bg7 4. O-O O-O 5. c4 c5 6. Nc3 Nc6 7. d4 cxd4 8. Nxd4 e5 9. Ndb5 Ne8 10. Nd5 a6 11. Nbc3 d6 12. Be3 Be6 13. Bb6 Qd7 14.
Re1 f5 15. e3 Kh8 16. Qd2 Rc8 17. Rad1 e4 18. b3 Ne5 19. Bd4 Nd3 20. Bxg7+ Qxg7 21. Rf1 Bxd5 22. Nxd5 Nf6 23. Nf4 Nxf4 24. exf4 Rfd8 25.
f3 d5 26. fxe4 fxe4 27. cxd5 Rxd5 28. Qb2 Rxd1 29. Rxd1 Re8 30. h3 Nh5 31. Qxg7+ Kxg7 32. Kf2 e3+ 33. Kf3 Nf6 34. Re1 Nd5 35. Bf1 b5 36. a4 bxa4 37. bxa4 Nc3 38. a5 Rb8 39. Rxe3 Na4 40. Bxa6 Ra8 41. Ra3 1-0

[Event "Early-Titled-Tuesday-Blitz-June-18-2024"]
[Site "Chess.com"]
[Date "2024.06.18"]
[Round "5"]
[White "chess123456s"]
[Black "Supelyel"]
[Result "1-0"]
[WhiteElo "2617"]
[BlackElo "2438"]
[TimeControl "180+1"]
[EndTime "8:57:23 PDT"]
[Termination "chess123456s won on time"]

1. e4 d6 2. Nf3 Nf6 3. Nc3 e5 4. Bc4 Be7 5. O-O O-O 6. h3 Nbd7 7. d3 c6 8. a4 h6 9. Nh4 d5 10. Bb3 Nc5 11. Re1 d4 12. Nb1 Nxb3 13. cxb3 Nxe4 14. Rxe4 Bxh4 15. Rxe5 Bxf2+ 16. Kh1 Bg3 17. Rh5 Re8 18. Bd2 Qf6 19. Na3 b6 20. Nc4 g6 21. Rxh6 Re1+ 22.
Qxe1 Bxe1 23. Rxe1 Be6 24. Ne5 Bd5 25. Ng4 Qg7 26. Bg5 f5 27. Nf6+ Kf8 28. Rh7 Qxh7 29. Nxh7+ Kg7 30. Re7+ Kg8 31. Nf6+ Kf8 32. Rh7 Bf7 33.
Rh8+ Ke7 34. Rxa8 1-0

[Event "Early-Titled-Tuesday-Blitz-June-18-2024"]
[Site "Chess.com"]
[Date "2024.06.18"]
[Round "5"]
[White "pospisku"]
[Black "mostafa_sakha"]
[Result "0-1"]
[WhiteElo "2520"]
[BlackElo "2393"]
[TimeControl "180+1"]
[EndTime "8:57:25 PDT"]
[Termination "mostafa_sakha won by checkmate"]

1. d4 Nf6 2. c4 e6 3. Nf3 d5 4.
Nc3 Be7 5. cxd5 exd5 6. Bf4 O-O 7. e3 c6 8. h3 a5 9. Bd3 Re8 10. O-O Be6 11. Qc2 Na6 12. a3 Nc7 13. Rab1 Bd6 14. Bxd6 Qxd6 15. Na4 Ne4 16. Nc5 Nxc5 17. dxc5 Qd7 18. Bxh7+ Kh8 19. Bd3 Bxh3 20. gxh3 Qxh3 21. Nh2 Re5 22. Kh1 Rae8 23. Rg1 Rh5 24. Rg2 Re6 25. Rbg1 Reh6 26. f3 Ne6 27. Qf2 Ng5 28. Be2 Qf5 29.
f4 Ne4 30. Qf3 Rh3 31. Qg4 Qxg4 32. Bxg4 Ng3+ 33. Rxg3 Rxh2# 0-1

[Event "Early-Titled-Tuesday-Blitz-June-18-2024"]
[Site "Chess.com"]
[Date "2024.06.18"]
[Round "5"]
[White "mortngabriel"]
[Black "elizabethcastaneda"]
[Result "0-1"]
[WhiteElo "2490"]
[BlackElo "2138"]
[TimeControl "180+1"]
[EndTime "8:57:25 PDT"]
[Termination "elizabethcastaneda won by checkmate"]

1. e4 c5 2. Nf3 d6 3. d4 cxd4 4. Nxd4 Nf6 5. Nc3 g6 6. Be3 Bg7 7. f3 O-O 8. h4 Nc6 9. h5 d5 10.
hxg6 hxg6 11. Nxc6 bxc6 12. e5 Nh5 13. f4 Ng3 14.
Rg1 Qa5 15. Qd2 Rd8 16. Bf2 Nxf1 17. Rxf1 c5 18. O-O-O Be6 19. a3 Rab8 20. Rde1 Rxb2 21. Kxb2 d4 22. Nb1 Rb8+ 23. Kc1 Rxb1+ 24. Kxb1 Qxd2 25. Rd1 Qa5 26. Be1 Qxa3 27. Rd3 Ba2+ 28. Ka1 Bb3+ 29. Kb1 Qa2+ 30. Kc1 Qxc2# 0-1

[Event "Early-Titled-Tuesday-Blitz-June-18-2024"]
[Site "Chess.com"]
[Date "2024.06.18"]
[Round "5"]
[White "GeorgiosSouleidis"]
[Black "Chaubunagungamaug1"]
[Result "1-0"]
[WhiteElo "2701"]
[BlackElo "2484"]
[TimeControl "180+1"]
[EndTime "8:57:26 PDT"]
[Termination "GeorgiosSouleidis won by resignation"]

1. e4 c5 2. Be2 Nc6 3. d3 Nf6 4. f4 d5 5. e5 Ng8 6. Nf3 Bg4 7. O-O e6 8. c3 Nge7 9. h3 Bxf3 10.
Bxf3 Nf5 11. Na3 Be7 12. Nc2 O-O 13. Ne3 Nh4 14. Bg4 Re8 15. g3 Ng6 16. Ng2 Kh8 17. h4 f6 18. d4 cxd4 19. cxd4 Qb6 20. Be3 fxe5 21. fxe5 Qxb2 22. Bxe6 Bxh4 23. Bf7 Bxg3 24. Bxe8 Rxe8 25. Qf3 Bxe5 26. dxe5 Ncxe5 27. Qxd5 Qe2 28. Rae1 Qg4 29. Bd4 Nf3+ 30. Qxf3 Qxd4+ 31. Qf2 Qxf2+ 32. Rxf2 Rc8 33. Rfe2 1-0

[Event "Early-Titled-Tuesday-Blitz-June-18-2024"]
[Site "Chess.com"]
[Date "2024.06.18"]
[Round "5"]
[White "howitzer14"]
[Black "banjadvorovi"]
[Result "1-0"]
[WhiteElo "3026"]
[BlackElo "2432"]
[TimeControl "180+1"]
[EndTime "8:57:26 PDT"]
[Termination "howitzer14 won by resignation"]

1. d4 Nf6 2. c4 g6 3. d5 e6 4. Nc3 exd5 5. cxd5 Bg7 6. e4 O-O 7. Bd3 d6 8. Nge2 Nbd7 9. O-O Re8 10. Bc2 Nc5 11.
f3 a5 12. Be3 b6 13. Qd2 Ba6 14. Rfe1 Nfd7 15. Bd4 Ne5 16. b3 Qh4 17. Kh1 Bh6 18. Be3 Bxe3 19. Qxe3 f5 20. Rad1 fxe4 21. Nxe4 Nxe4 22.
Bxe4 Nf7 23. Nc3 Re7 24. g3 Qf6 25. h4 Rae8 26. Kg2 Bc8 27. Qd4 Qxd4 28. Rxd4 Bf5 29. Rc1 Kg7 30. Rc2 Ne5 31. Bxf5 gxf5 32. Nb5 Ng6 33.
h5 Nf8 34. Kf2 f4 35. Rxf4 Nd7 36. Nxc7 Rc8 37. Ne6+ Rxe6 38. Rxc8 1-0

[Event "Early-Titled-Tuesday-Blitz-June-18-2024"]
[Site "Chess.com"]
[Date "2024.06.18"]
[Round "5"]
[White "AniJak"]
[Black "GatoRojo150"]
[Result "1/2-1/2"]
[WhiteElo "2354"]
[BlackElo "2618"]
[TimeControl "180+1"]
[EndTime "8:57:26 PDT"]
[Termination "Game drawn by repetition"]

1. e4 e5 2. Nc3 Nf6 3. g3 d5 4.
exd5 c6 5. d4 exd4 6. Qxd4 cxd5 7. Bg5 Nc6 8. Bb5 Be7 9. O-O-O O-O 10.
Qa4 Be6 11. Nge2 Qb6 12. Nf4 Rac8 13. Bxc6 Rxc6 14. Nxe6 fxe6 15. Qb3 Qxf2 16. Rhe1 Rfc8 17. Be3 Qxh2 18. Bxa7 Ne4 19. Nxe4 Qxc2+ 20. Qxc2 Rxc2+ 21. Kb1 dxe4 22. Rxe4 Bf6 23. Bd4 R2c4 24. b3 Rb4 25. a3 Rxb3+ 26. Ka2 Rxg3 27. Bxf6 gxf6 28. Rxe6 Rc2+ 29.
Kb1 Rf2 30. Re7 Rb3+ 31. Kc1 Rc3+ 32. Kb1 Rb3+ 33. Kc1 Kf8 34. Rxh7 Rc3+ 35. Kb1 Rb3+ 36. Kc1 Rc3+ 37. Kb1 Rb3+ 38. Kc1 1/2-1/2

[Event "Early-Titled-Tuesday-Blitz-June-18-2024"]
[Site "Chess.com"]
[Date "2024.06.18"]
[Round "5"]
[White "Rhinos1"]
[Black "SpongeBob_03"]
[Result "1-0"]
[WhiteElo "2059"]
[BlackElo "2234"]
[TimeControl "180+1"]
[EndTime "8:57:27 PDT"]
[Termination "Rhinos1 won by resignation"]

1. e4 c5 2. d4 cxd4 3. c3 Nf6 4. e5 Nd5 5. cxd4 e6 6. Nc3 Nc6 7. Nf3 d6 8. Bd3 Qb6 9. O-O Bd7 10. Nxd5 exd5 11. Re1 O-O-O 12. Bf4 Nxd4 13. Be3 Nxf3+ 14. Qxf3 d4 15. Bf4 Kb8 16. exd6 Bxd6 17. a4 Qc6 18. Be4 Qb6 19. Bxd6+ Qxd6 20. Bxb7 Rhe8 21. Ba8 Qb4 22. Rec1 d3 23. Bd5 Qd6 24. Qxd3 Bc6 25. Qb3+ Ka8 26. Bxc6+ 1-0

[Event "Early-Titled-Tuesday-Blitz-June-18-2024"]
[Site "Chess.com"]
[Date "2024.06.18"]
[Round "5"]
[White "unkiyto"]
[Black "IndianSchoolOfSuffering"]
[Result "0-1"]
[WhiteElo "2692"]
[BlackElo "2526"]
[TimeControl "180+1"]
[EndTime "8:57:28 PDT"]
[Termination "IndianSchoolOfSuffering won by resignation"]

1. e4 c5 2. Nf3 d6 3. d4 cxd4 4. Nxd4 Nf6 5. Nc3 a6 6. Be3 e5 7.
Nb3 Be6 8. f3 Nbd7 9. g4 Be7 10.
Qd2 Rc8 11. O-O-O Nb6 12. g5 Nfd7 13. h4 Nc4 14. Bxc4 Rxc4 15. Nd5 Bxd5 16. Qxd5 b5 17.
Kb1 O-O 18. g6 hxg6 19. h5 Nf6 20. Qd2 Nxh5 21. Rdg1 Bf6 22. Na5 Rc8 23. Bh6 Qe7 24. Qg2 gxh6 25. Rxh5 Bg5 26. Rh3 Kg7 27. Qh2 Rc7 28.
Rh1 Bf4 29. Qf2 Rfc8 30. c3 b4 31. c4 Rc5 32. Rh4 Rxa5 33. Qg2 b3 34. Qh3 bxa2+ 35. Ka1 Qe6 36. Rxh6 Qxh3 37. R6xh3 Rxc4 38. Rh7+ Kf6 0-1

[Event "Early-Titled-Tuesday-Blitz-June-18-2024"]
[Site "Chess.com"]
[Date "2024.06.18"]
[Round "5"]
[White "pouya21"]
[Black "Crazy_girl99"]
[Result "1-0"]
[WhiteElo "2862"]
[BlackElo "2611"]
[TimeControl "180+1"]
[EndTime "8:57:29 PDT"]
[Termination "pouya21 won by resignation"]

1. d4 Nf6 2. c4 e6 3. Nc3 Bb4 4. e3 O-O 5. Bd2 d5 6. cxd5 exd5 7. Bd3 c5 8. Nge2 Nc6 9. a3 c4 10. Bc2 Bd6 11. O-O Re8 12. f3 a6 13. h3 Qc7 14.
Kh1 b5 15. e4 dxe4 16. fxe4 b4 17. axb4 Bxb4 18. e5 Nh5 19. Nd5 Qb7 20. Be4 Bxd2 21. Qxd2 Be6 22. Qg5 Rad8 23. Qxh5 Bxd5 24. Qxh7+ Kf8 25.
Qh8+ Ke7 26. Qxg7 Rf8 27. Bxd5 Rxd5 28. e6 Ke8 29. Nf4 Rf5 30. d5 Ne5 31. d6 Qb6 32.
d7+ Ke7 33. Nd5+ 1-0

[Event "Early-Titled-Tuesday-Blitz-June-18-2024"]
[Site "Chess.com"]
[Date "2024.06.18"]
[Round "5"]
[White "GothamChess"]
[Black "AlbusSevresPotter"]
[Result "0-1"]
[WhiteElo "2772"]
[BlackElo "2609"]
[TimeControl "180+1"]
[EndTime "8:57:31 PDT"]
[Termination "AlbusSevresPotter won by resignation"]

1. e4 c5 2. a3 g6 3. Nc3 Bg7 4. Bc4 Nc6 5. d3 e6 6. Ba2 Nge7 7. Bd2 d5 8. h4 h6 9. h5 g5 10. f4 gxf4 11. Bxf4 dxe4 12. Nxe4 Nf5 13. c3 Be5 14. Ne2 Rg8 15. O-O Qh4 16. Qd2 Bd7 17. Bxe5 Nxe5 18.
Qf4 Ng4 19. d4 Bc6 20. Rf3 Bxe4 21. Qxe4 Qh2+ 22. Kf1 Qh1+ 23. Ng1 Nh2+ 24. Kf2 Rxg2+ 25. Ke1 Qxg1+ 0-1

[Event "Early-Titled-Tuesday-Blitz-June-18-2024"]
[Site "Chess.com"]
[Date "2024.06.18"]
[Round "5"]
[White "Iball95"]
[Black "harkerchess"]
[Result "1-0"]
[WhiteElo "2816"]
[BlackElo "2355"]
[TimeControl "180+1"]
[EndTime "8:57:31 PDT"]
[Termination "Iball95 won by checkmate"]

1. e4 e5 2. Nf3 Nc6 3. Nc3 Nf6 4. Bb5 Bb4 5. Nd5 Nxd5 6. exd5 e4 7. dxc6 dxc6 8.
Bc4 exf3 9. Qxf3 Qe7+ 10. Qe3 Qxe3+ 11. fxe3 Bd7 12. O-O f6 13. a3 Bd6 14. d3 O-O-O 15. e4 Be5 16. Rb1 Bg4 17. Be3 Bh5 18. a4 Kb8 19. b4 Rd7 20. b5 cxb5 21. Rxb5 c6 22. Rb3 Re8 23. a5 Ree7 24. Rfb1 Bg6 25. Bc5 Re8 26. Ba6 b5 27. axb6 axb6 28. Rxb6+ Kc7 29. Bc4 Ra8 30. Be6 Bd4+ 31. Bxd4 Rxd4 32. Rb7+ Kd6 33.
Bb3 Ke5 34. Re7+ Kf4 35. Rxg7 Ke3 36. Rf1 c5 37. h4 Kd2 38. Rxf6 Ra1+ 39. Rf1 Ra6 40. g4 c4 41. Bxc4 Rc6 42. Rf2+ Kc1 43. Ra7 Bxe4 44. c3 Rdd6 45. Ra1# 1-0

[Event "Early-Titled-Tuesday-Blitz-June-18-2024"]
[Site "Chess.com"]
[Date "2024.06.18"]
[Round "5"]
[White "FabianoCaruana"]
[Black "tptagain"]
[Result "1-0"]
[WhiteElo "3132"]
[BlackElo "2938"]
[TimeControl "180+1"]
[EndTime "8:57:32 PDT"]
[Termination "FabianoCaruana won by resignation"]

1. d4 d5 2. c4 e6 3. Nc3 c6 4. e3 Nd7 5. Nf3 f5 6. Bd3 Nh6 7. O-O Bd6 8. Bd2 O-O 9. Rc1 Rf6 10. Ne2 Nf7 11. a3 g5 12. cxd5 exd5 13. Ng3 Nf8 14.
Qc2 Bxg3 15. fxg3 Qe7 16. Ne5 Nxe5 17. dxe5 Qxe5 18. Bc3 Qxe3+ 19. Kh1 Rf7 20. Rce1 Qc5 21. Re8 Re7 22. Bxf5 Bxf5 23. Rxa8 d4 24. Qf2 Rf7 25. Qxd4 Qxd4 26. Bxd4 Be4 27. Rxf7 Kxf7 28. Rxa7 Kg6 29. Rxb7 c5 30. Rb6+ Kf7 31. Bxc5 1-0

[Event "Early-Titled-Tuesday-Blitz-June-18-2024"]
[Site "Chess.com"]
[Date "2024.06.18"]
[Round "5"]
[White "Gyulamiryan-koryun"]
[Black "ChessSwole"]
[Result "0-1"]
[WhiteElo "1605"]
[BlackElo "2703"]
[TimeControl "180+1"]
[EndTime "8:57:32 PDT"]
[Termination "ChessSwole won on time"]

1. d4 Nf6 2. c4 g6 3. Nc3 d5 4.
h4 Bg7 5. h5 Nxh5 6. cxd5 c5 7.
dxc5 Nd7 8. Nf3 Nxc5 9. e4 O-O 10. Bd3 Bg4 11. Be3 Qa5 12. Qd2 Nb3 13. axb3 Qxa1+ 14. Nd1 Rac8 15. O-O e6 16. d6 Rfd8 17. Qb4 Bxf3 18. gxf3 Be5 19. Qxb7 Bxd6 20. Qxa7 Qxa7 21. Bxa7 Nf4 22.
Bc4 Bc5 23. Bxc5 Rxc5 24. Ne3 Rd2 25. Rd1 Rxb2 26. Ng4 Kg7 27. Rd7 h5 28. Ne3 Nh3+ 29. Kg2 Nxf2 30. Kg3 g5 31. Bxe6 h4+ 32. Kg2 Nxe4+ 33.
Kg1 Rc1+ 34. Nf1 Ng3 35. Rxf7+ Kg6 0-1

[Event "Early-Titled-Tuesday-Blitz-June-18-2024"]
[Site "Chess.com"]
[Date "2024.06.18"]
[Round "5"]
[White "Dewarfd"]
[Black "Lady_Nika"]
[Result "0-1"]
[WhiteElo "2122"]
[BlackElo "2519"]
[TimeControl "180+1"]
[EndTime "8:57:32 PDT"]
[Termination "Lady_Nika won on time"]

1. Nf3 d5 2. c4 c6 3. g3 Nf6 4.
Bg2 g6 5. b3 Bg7 6. Bb2 O-O 7.
O-O Nbd7 8. d3 Re8 9. e3 e5 10. cxd5 cxd5 11. Nc3 Nb6 12. Rc1 Bd7 13. Qc2 Rc8 14.
Qb1 Bc6 15. Rfd1 Qe7 16. a4 a5 17. Qa1 Nfd7 18. Nb5 Bf8 19. Bc3 Nc5 20. Rb1 e4 21.
dxe4 dxe4 22. Nfd4 Nd3 23. Bxa5 Nd5 24. Be1 Nxe1 25. Rxe1 Nb4 26. Bf1 Bd5 27. Nc3 Bg7 28. Nxd5 Nxd5 29. Bc4 Nb4 30. Qc3 Nd3 31. Rf1 Ne5 32.
Qd2 Red8 33. Qe2 Qd7 34. Rfd1 Qh3 35. Qf1 Qh6 36. Qg2 Ng4 37. h3 Ne5 38. Qxe4 Qxh3 39. Qh4 Qxh4 40. gxh4 Nxc4 41. bxc4 Rxc4 42. Rxb7 Rxa4 0-1

[Event "Early-Titled-Tuesday-Blitz-June-18-2024"]
[Site "Chess.com"]
[Date "2024.06.18"]
[Round "5"]
[White "Boundless_Strike"]
[Black "betta2004"]
[Result "1-0"]
[WhiteElo "2660"]
[BlackElo "2478"]
[TimeControl "180+1"]
[EndTime "8:57:34 PDT"]
[Termination "Boundless_Strike won by resignation"]

1. d4 Nf6 2. Nc3 e6 3. e4 Bb4 4. e5 Ne4 5. Qg4 f5 6. Qxg7 Rf8 7. a3 Bxc3+ 8. bxc3 Qe7 9. Qxe7+ Kxe7 10. Ne2 Rg8 11. h4 d6 12. f3 Ng3 13. Nxg3 Rxg3 14. Bg5+ Kf7 15. Kf2 f4 16. Re1 dxe5 17. dxe5 h6 18. Bxh6 Rg8 19. Bxf4 Nc6 20. Bd3 Ne7 21. g4 b6 22. Bg5 Nd5 23. c4 Nc3 24. Bd2 Na4 25. h5 Bb7 26. h6 Nc5 27. h7 Rgf8 28. Bh6 Rh8 29. Be3 Nd7 30. Rh5 Raf8 31. Kg3 Kg7 32. Bh6+ 1-0

[Event "Early-Titled-Tuesday-Blitz-June-18-2024"]
[Site "Chess.com"]
[Date "2024.06.18"]
[Round "5"]
[White "JoliyRoger"]
[Black "YurasovMat-2012"]
[Result "0-1"]
[WhiteElo "2450"]
[BlackElo "2628"]
[TimeControl "180+1"]
[EndTime "8:57:35 PDT"]
[Termination "YurasovMat-2012 won on time"]

1. d4 d5 2. c4 c6 3. Nc3 Nf6 4. Nf3 dxc4 5. a4 Bf5 6. e3 e6 7. Bxc4 Bb4 8. O-O O-O 9. Qb3 a5 10. Na2 Na6 11. Bd2 Bxd2 12. Nxd2 Qe7 13. f3 Rfd8 14.
Rfd1 Bg6 15. Nf1 Nd5 16. Bxa6 Rxa6 17. e4 Rb6 18. Qc4 Nb4 19. Ne3 Nxa2 20. Rxa2 Rb4 21. Qc3 f6 22. b3 Bf7 23. Rad2 Qc7 24. d5 exd5 25. exd5 Qb6 26. dxc6 Rxd2 27. Qxd2 Qxc6 28. Qd8+ Qe8 29. Qxe8+ Bxe8 30. Nc4 Rxb3 31. Nxa5 Rb4 32. Rd5 b6 33. Nb7 Bxa4 34. Rd8+ Kf7 35. Rb8 Ke7 36.
Nd8 Rb1+ 37. Kf2 Rb2+ 38. Kg3 Bb5 39. Rxb6 Kxd8 40. Rb7 g5 41. h4 Bf1 0-1

[Event "Early-Titled-Tuesday-Blitz-June-18-2024"]
[Site "Chess.com"]
[Date "2024.06.18"]
[Round "5"]
[White "SujanaLohani"]
[Black "fourqueens13"]
[Result "1-0"]
[WhiteElo "2267"]
[BlackElo "2394"]
[TimeControl "180+1"]
[EndTime "8:57:35 PDT"]
[Termination "SujanaLohani won on time"]

1. e4 c5 2. Nf3 Nc6 3. Bb5 e6 4. O-O Nge7 5. d4 cxd4 6. Nxd4 a6 7. Be2 Nxd4 8. Qxd4 Nc6 9. Qc3 d5 10. Bf4 dxe4 11.
Nd2 e5 12. Be3 Bb4 13. Qc4 Be6 14. Qxe4 f5 15. Qd3 f4 16. Bh5+ g6 17. Qe4 fxe3 18. Nf3 gxh5 19. Rad1 exf2+ 20. Kh1 Qf6 21. Rxf2 O-O 22.
h4 Qf4 23. Qe2 Bg4 24. Rdf1 Rad8 25. c3 Bc5 26. g3 Qf5 27. Qc4+ Kh8 28. Qxc5 e4 29.
Ne5 Bf3+ 30. Rxf3 exf3 31. Rxf3 Qxe5 32. Rxf8+ Kg7 33. Qxe5+ Nxe5 34. Rxd8 1-0

[Event "Early-Titled-Tuesday-Blitz-June-18-2024"]
[Site "Chess.com"]
[Date "2024.06.18"]
[Round "5"]
[White "penguingm1"]
[Black "SahibSinghKnight"]
[Result "1-0"]
[WhiteElo "2958"]
[BlackElo "2686"]
[TimeControl "180+1"]
[EndTime "8:57:37 PDT"]
[Termination "penguingm1 won by resignation"]

1. d4 d5 2. Bf4 Nf6 3. e3 e6 4.
Nf3 Bd6 5. Nbd2 O-O 6. c3 c5 7.
Bd3 Bxf4 8. exf4 Qc7 9. g3 b6 10. Qe2 Nc6 11. O-O a5 12. Rfe1 a4 13. Rac1 Qd6 14.
Ne5 cxd4 15. Nxc6 Qxc6 16. cxd4 Qd6 17. a3 Bb7 18. Qe5 Qd8 19. Rc3 Ba6 20. Bb1 Rc8 21. Rec1 Ng4 22. Rxc8 Bxc8 23. Qc7 Qxc7 24. Rxc7 Rd8 25.
Bd3 Bd7 26. Nf3 Kf8 27. Rb7 Ke7 28. h3 Nf6 29. Ne5 Rc8 30. Bb5 Rd8 31. Nc6+ Ke8 32. Nxd8 Bxb5 33. Nxf7 Bc6 34. Nd6+ 1-0

[Event "Early-Titled-Tuesday-Blitz-June-18-2024"]
[Site "Chess.com"]
[Date "2024.06.18"]
[Round "5"]
[White "ningyzhou"]
[Black "ATM622"]
[Result "0-1"]
[WhiteElo "2144"]
[BlackElo "2545"]
[TimeControl "180+1"]
[EndTime "8:57:37 PDT"]
[Termination "ATM622 won by resignation"]

1. e4 c6 2. d4 d5 3. Nc3 dxe4 4. Nxe4 Bf5 5. Ng3 Bg6 6. h4 h6 7. Nf3 Nd7 8. h5 Bh7 9. Bd3 Bxd3 10. Qxd3 Ngf6 11. Bd2 e6 12. O-O-O Qb6 13. Kb1 O-O-O 14. Ne4 c5 15. Nxf6 Nxf6 16. Qc4 Qc7 17. dxc5 Qxc5 18. Qxc5+ Bxc5 19. Be3 Bxe3 20. Rxd8+ Rxd8 21. fxe3 Ng4 22. e4 Nf2 23. Re1 Nxe4 24. Kc1 Nd6 25. Ne5 Kc7 26. c4 f6 27. Ng6 e5 28. b3 Nf5 29. g4 Nd4 30. Ne7 Kd6 31. Nd5 Kc5 32. Kb2 b5 33.
Ne3 b4 34. a3 Nf3 35. Re2 a5 36. axb4+ axb4 37. Nf5 Rd7 38. Rf2 Nd4 39. Ng3 Ne6 40.
Ne4+ Kc6 41. Rf1 Nc5 42. Nxc5 Kxc5 43. Ra1 Rd2+ 44. Kc1 Rg2 45. Ra5+ Kd4 46. Ra7 Rxg4 47. Rd7+ Kc3 48. Kd1 Rd4+ 49. Rxd4 Kxd4 0-1